[Event "Titled Tuesday Blitz October 18 Late 2022"]
[White "Gonzalez, Francisco Silva"]
[Black "Quispe Santacruz, Javier"]
[WhiteFideId "1512285"]
[BlackFideId "3800920"]
[WhiteElo "2159"]
[BlackElo "1930"]
[Result "1-0"]
[Round "03"]
[TimeControl "180+1"]
[Date "2022.10.19"]
[WhiteClock "0:01:13"]
[BlackClock "0:00:04"]

1. d4 d5 2. c4 c6 3. Nc3 Nf6 4. e3 g6 5. Nf3 Bg7 6. h3 O-O 7. a4 dxc4 8. Bxc4 Bf5 9. Qb3 Qb6 10. Qa2 Nbd7 11. a5 Qb4 12. Ng5 e6 13. Bd2 Qd6 14. e4 h6 15. exf5 hxg5 16. fxg6 Qxd4 17. gxf7+ Kh8 18. Be3 Qe5 19. O-O Nd5 20. Rae1 Nxc3 21. bxc3 Qxc3 22. Bxe6 Ne5 23. Rc1 Qd3 24. Rfd1 Qg6 25. Bc5 g4 26. hxg4 Nxg4 27. Bxf8 Rxf8 28. Bxg4 Qxg4 29. Rc4 Qh5 30. Qa4 Rxf7 31. Rh4 Bf6 32. Rxh5+ 1-0


[Site "https://www.chess.com"]

[Event "Titled Tuesday Blitz October 18 Late 2022"]
[White "Gorodetzky, David"]
[Black "Hamitevici, Vladimir"]
[WhiteFideId "2813416"]
[BlackFideId "13902393"]
[WhiteElo "2487"]
[BlackElo "2401"]
[Result "1-0"]
[Round "03"]
[TimeControl "180+1"]
[Date "2022.10.18"]
[WhiteClock "0:00:07"]
[BlackClock "0:00:05"]

1. Nf3 d5 2. b3 Bf5 3. Bb2 e6 4. g3 Nf6 5. Bg2 Be7 6. c4 O-O 7. Nc3 h6 8. O-O Bh7 9. Rc1 c6 10. d4 Nbd7 11. Nd2 Qa5 12. a3 Rfd8 13. e3 e5 14. b4 Qa6 15. cxd5 exd4 16. exd4 cxd5 17. Bxd5 Nxd5 18. Nxd5 Bd6 19. Nc4 Nf8 20. Qf3 Bb8 21. Ne5 Qe6 22. Nc7 Bxc7 23. Rxc7 f6 24. Ng4 Be4 25. Qf4 Bd5 26. Ne3 Rd7 27. Rfc1 Rad8 28. Qf5 Bc6 29. Rxd7 Rxd7 30. Rd1 Qxf5 31. Nxf5 Bf3 32. Re1 Kf7 33. h3 Ne6 34. g4 Bc6 35. Rd1 Ng5 36. Kh2 h5 37. Ne3 hxg4 38. hxg4 Bf3 39. Rc1 Ne4 40. Kg1 g6 41. d5 f5 42. gxf5 gxf5 43. d6 Ke6 44. Rc8 Rxd6 45. Re8+ Kf7 46. Re5 Rg6+ 47. Kf1 Nd6 48. Nxf5 Bg2+ 49. Ke2 Nc4 50. Re7+ Kf8 51. Bg7+ Kg8 52. Bd4 Rg5 53. Nh6+ Kf8 54. Rc7 Nd6 55. f4 Rg6 56. f5 Rxh6 57. Bg7+ Ke8 58. Bxh6 Nxf5 59. Bf4 Bc6 60. Kd2 Ne7 61. Bg5 Nd5 62. Rh7 Kf8 63. Kd3 a6 64. Kd4 Nb6 65. Kc5 Nd7+ 66. Kd6 Nb6 67. Rc7 Nc4+ 68. Kc5 Nxa3 69. Be7+ Ke8 70. Bd6 Nb5 71. Re7+ Kd8 72. Rh7 Ke8 73. Be5 Na3 74. Kd6 Nb5+ 75. Ke6 Kd8 76. Rh8+ Be8 77. Bf6+ Kc7 78. Rxe8 1-0


[Site "https://www.chess.com"]

[Event "Titled Tuesday Blitz October 18 Late 2022"]
[White "Goryachkina, Aleksandra"]
[Black "Ward, Ieuan C"]
[WhiteFideId "4147103"]
[BlackFideId "406627"]
[WhiteElo "2484"]
[BlackElo "2366"]
[Result "1/2-1/2"]
[Round "03"]
[TimeControl "180+1"]
[Date "2022.10.19"]
[WhiteClock "0:00:04"]
[BlackClock "0:00:09"]

1. e4 d5 2. exd5 Qxd5 3. Nc3 Qd6 4. d4 Nf6 5. Nf3 Bg4 6. g3 c6 7. Bg2 e6 8. O-O Be7 9. h3 Bxf3 10. Bxf3 Nbd7 11. Bg2 O-O 12. Bf4 Qb4 13. Rb1 Nd5 14. Ne2 Nxf4 15. Nxf4 Rad8 16. c3 Qa5 17. Qe2 a6 18. a3 Bd6 19. Nd3 Rfe8 20. Rfe1 e5 21. dxe5 Nxe5 22. Rbd1 Kf8 23. Qh5 f6 24. Qxh7 Nf7 25. Qh4 Qb5 26. Rxe8+ Rxe8 27. Qg4 Ne5 28. Nxe5 Qxe5 29. h4 Bc5 30. Bf3 f5 31. Qg5 Be7 32. Qd2 Bc5 33. Qg5 Be7 34. Qg6 Bc5 35. h5 Qe6 36. Qxe6 Rxe6 37. Kf1 Rd6 38. Re1 Kf7 39. Re2 Re6 40. Rd2 Rd6 41. Rxd6 Bxd6 42. Ke2 Kf6 43. Bg2 f4 44. g4 Kg5 45. f3 Bc5 46. Kd3 Be3 47. Ke4 Bc1 48. b3 Bxa3 49. Bf1 Bb2 50. c4 c5 51. Bd3 Bd4 52. Kd5 Kh4 53. Be4 Kg3 54. Ke6 b5 55. g5 bxc4 56. bxc4 Kh4 57. h6 Kxg5 58. h7 g6 59. Kf7 a5 60. Bxg6 a4 61. Bb1 a3 62. Ke6 Kh4 63. Kd5 Kg3 64. Ke4 Bb2 65. Ba2 Bd4 66. Bb1 Bb2 67. Ba2 Bd4 68. Bb1 1/2-1/2


[Site "https://www.chess.com"]

[Event "Titled Tuesday Blitz October 18 Late 2022"]
[White "Graif, William"]
[Black "Hamidi, Amir Mohammad"]
[WhiteFideId "2609835"]
[BlackFideId "12563285"]
[WhiteElo "2498"]
[BlackElo "2826"]
[Result "0-1"]
[Round "03"]
[TimeControl "180+1"]
[Date "2022.10.19"]
[WhiteClock "0:00:12"]
[BlackClock "0:02:21"]

1. e4 c5 2. a3 e5 3. b4 cxb4 4. axb4 Bxb4 5. c3 Be7 6. d4 Nf6 7. dxe5 Nxe4 8. Qg4 Ng5 9. Bxg5 Bxg5 10. Nf3 Bh6 11. Qe4 O-O 12. Bd3 g6 13. O-O d5 14. Qe2 Nc6 15. h3 Re8 16. Na3 Bg7 17. Bb5 Bf5 18. Rfe1 Be4 19. Rad1 Qa5 20. Nc2 Bxc2 21. Bxc6 Bxd1 22. Rxd1 bxc6 0-1


[Site "https://www.chess.com"]

[Event "Titled Tuesday Blitz October 18 Late 2022"]
[White "Gubajdullin, Alexei"]
[Black "Mickiewicz, Piotr"]
[WhiteFideId "4141202"]
[BlackFideId "1114891"]
[WhiteElo "2200"]
[BlackElo "2246"]
[Result "1-0"]
[Round "03"]
[TimeControl "180+1"]
[Date "2022.10.19"]
[WhiteClock "0:01:06"]
[BlackClock "0:00:44"]

1. d4 Nf6 2. Nf3 e6 3. Bf4 c5 4. e3 b6 5. h3 Bb7 6. Be2 Be7 7. O-O O-O 8. a4 a6 9. Nbd2 d6 10. Bh2 Qc7 11. Nc4 cxd4 12. exd4 Nbd7 13. Ne3 Ne4 14. c4 f5 15. Rc1 Rac8 16. c5 bxc5 17. dxc5 Qb8 18. b4 f4 19. Nc4 Bd5 20. cxd6 Nxd6 21. Nxd6 Bxd6 22. b5 a5 23. Nd4 f3 24. Nxf3 Bxf3 25. Qxd6 Bxe2 26. Qxe6+ Kh8 27. Bxb8 1-0


[Site "https://www.chess.com"]

[Event "Titled Tuesday Blitz October 18 Late 2022"]
[White "Hajiyev, Kanan"]
[Black "Boyer, Mahel"]
[WhiteFideId "13404148"]
[BlackFideId "45102422"]
[WhiteElo "2490"]
[BlackElo "2765"]
[Result "0-1"]
[Round "03"]
[TimeControl "180+1"]
[Date "2022.10.19"]
[WhiteClock "0:00:46"]
[BlackClock "0:00:16"]

1. d4 d5 2. c4 c6 3. cxd5 e6 4. Nc3 exd5 5. Nf3 Bf5 6. Bg5 Qb6 7. Qc1 Nd7 8. e3 Ngf6 9. Be2 Bd6 10. O-O O-O 11. Nh4 Bg4 12. Bd3 h6 13. Bxf6 Nxf6 14. Nf5 Bxf5 15. Bxf5 g6 16. Bd3 Kg7 17. Rb1 Rfe8 18. Qc2 h5 19. b4 a6 20. a4 Rac8 21. h3 Qd8 22. Rfc1 b5 23. Qb2 Bb8 24. Ne2 Qd6 25. g3 h4 26. Kg2 hxg3 27. Nxg3 Rxe3 28. Bf1 Rxg3+ 29. fxg3 Qxg3+ 30. Kh1 Ne4 31. Rc2 Rh8 32. axb5 Bf4 33. bxc6 Be3 34. Bg2 Rxh3+ 35. Bxh3 Qxh3+ 36. Rh2 Ng3# 0-1


[Site "https://www.chess.com"]

[Event "Titled Tuesday Blitz October 18 Late 2022"]
[White "Hambleton, Aman"]
[Black "Melkumyan, Hrant"]
[WhiteFideId "2606577"]
[BlackFideId "13302485"]
[WhiteElo "2538"]
[BlackElo "2604"]
[Result "1/2-1/2"]
[Round "03"]
[TimeControl "180+1"]
[Date "2022.10.18"]
[WhiteClock "0:00:12"]
[BlackClock "0:00:07"]

1. d4 Nf6 2. c4 g6 3. Nc3 Bg7 4. e4 d6 5. f3 O-O 6. Be3 a6 7. Qd2 c5 8. Nge2 Nc6 9. O-O-O cxd4 10. Nxd4 Bd7 11. Kb1 b5 12. cxb5 Nxd4 13. Bxd4 axb5 14. Bxb5 Bxb5 15. Nxb5 Qd7 16. Qb4 Rfb8 17. a4 Qb7 18. Rc1 e5 19. Bc3 Bf8 20. Qc4 Nd7 21. b3 Nb6 22. Qc7 Nxa4 23. Qxb7 Rxb7 24. bxa4 Rxa4 25. Kc2 Rxb5 26. Ra1 Rc4 27. Kd3 Rc8 28. Rhc1 d5 29. exd5 Rxd5+ 30. Ke2 Bh6 31. Rc2 Rdc5 32. Ra3 f6 33. Rb3 Bf8 34. Kd3 Be7 35. Rbb2 Rd8+ 36. Ke2 Rdc8 37. Kd3 Kf7 38. Be1 Rd8+ 39. Ke2 Rcd5 40. Rb7 R8d7 41. Rxd7 Rxd7 42. Bf2 Ke6 43. h3 Bd6 44. Rd2 Rb7 45. Ra2 f5 46. Rc2 Rb3 47. Be1 h5 48. Bd2 Ra3 49. Rc6 Ra4 50. Rb6 Kd5 51. Rb7 Ke6 52. Rb6 e4 53. fxe4 Rxe4+ 54. Kf3 Kd5 55. Rb5+ Ke6 56. Rb6 g5 57. Bxg5 Kd5 58. Rb5+ Ke6 59. Rb6 Ra4 60. Be3 Ra3 61. Ke2 Kd5 62. Rb5+ Ke4 63. Bd2 Ra2 64. Kd1 Be5 65. Rb4+ Kd3 66. Rb3+ Kc4 67. Rf3 f4 68. Bxf4 Bc3 69. g3 Rh2 70. g4 Rh1+ 71. Ke2 hxg4 72. hxg4 Bd4 73. Bg3 Kd5 74. Rf5+ Ke4 75. Rf4+ Kd5 76. g5 Ra1 77. Kf3 Rg1 78. Rf5+ Ke6 79. Rf4 Be5 80. Rg4 Bxg3 81. Rxg3 Rxg3+ 82. Kxg3 Kf5 83. Kh4 Kg6 84. Kg4 Kg7 85. Kf5 Kf7 86. g6+ Kg7 87. Kg5 Kg8 88. Kh5 Kg7 89. Kg5 Kg8 90. Kh6 Kh8 91. g7+ Kg8 92. Kg6 1/2-1/2


[Site "https://www.chess.com"]

[Event "Titled Tuesday Blitz October 18 Late 2022"]
[White "Hansen, Eric"]
[Black "Prydun, Andriy"]
[WhiteFideId "2606771"]
[BlackFideId "14145898"]
[WhiteElo "2941"]
[BlackElo "2347"]
[Result "1-0"]
[Round "03"]
[TimeControl "180+1"]
[Date "2022.10.19"]
[WhiteClock "0:01:19"]
[BlackClock "0:00:11"]

1. d4 d5 2. c4 c6 3. Nf3 Nf6 4. e3 e6 5. Qc2 Nbd7 6. Bd3 Be7 7. O-O O-O 8. Nbd2 b6 9. Ne5 Bb7 10. cxd5 cxd5 11. Nc6 Bxc6 12. Qxc6 Qc8 13. Qa4 a6 14. Qd1 b5 15. a4 Qc6 16. Nb3 Bb4 17. Bd2 Bxd2 18. Qxd2 Nb6 19. Rfc1 Nc4 20. Qe2 Qb6 21. Nc5 e5 22. b3 e4 23. Bxc4 dxc4 24. bxc4 b4 25. a5 Qc6 26. Na4 Rab8 27. Nb6 h5 28. Rab1 Rxb6 29. axb6 Qxb6 30. c5 Qb7 31. c6 Qb6 32. Rc5 Rc8 33. Qc4 a5 34. h3 Rc7 35. d5 Ne8 36. Rb5 Nd6 37. Rxb6 Nxc4 38. Ra6 Kf8 39. Rc1 b3 40. Rxc4 1-0


[Site "https://www.chess.com"]

[Event "Titled Tuesday Blitz October 18 Late 2022"]
[White "Harish, Neeraj"]
[Black "Brown, Andrew"]
[WhiteFideId "30958130"]
[BlackFideId "3206513"]
[WhiteElo "1815"]
[BlackElo "2245"]
[Result "0-1"]
[Round "03"]
[TimeControl "180+1"]
[Date "2022.10.19"]
[WhiteClock "0:00:02"]
[BlackClock "0:00:47"]

1. Nf3 g6 2. c4 Bg7 3. Nc3 d6 4. g3 Nd7 5. Bg2 e5 6. d4 Ne7 7. O-O O-O 8. e4 c6 9. Be3 h6 10. Qd2 Kh7 11. Rfd1 Qe8 12. b4 Nb6 13. Qe2 Bg4 14. d5 cxd5 15. Nxd5 Nexd5 16. cxd5 Qa4 17. a3 Bd7 18. Rdc1 Rac8 19. Qd2 Nc4 20. Qd3 Nxe3 21. Qxe3 f5 22. Nd2 f4 23. Qe1 g5 24. f3 h5 25. Nc4 Qa6 26. Bf1 Bb5 27. Nd2 Bxf1 28. Qxf1 Rxc1 29. Qxc1 Qd3 30. Kg2 fxg3 31. hxg3 g4 32. Qd1 Bh6 33. fxg4 Bxd2 34. gxh5 Qxe4+ 0-1


[Site "https://www.chess.com"]

[Event "Titled Tuesday Blitz October 18 Late 2022"]
[White "Harshal, Shahi"]
[Black "Sukandar, Irine Kharisma"]
[WhiteFideId "5048257"]
[BlackFideId "7101937"]
[WhiteElo "2054"]
[BlackElo "2301"]
[Result "0-1"]
[Round "03"]
[TimeControl "180+1"]
[Date "2022.10.19"]
[WhiteClock "0:00:21"]
[BlackClock "0:01:15"]

1. e4 e5 2. Nf3 d6 3. Bc4 Be7 4. d3 Nf6 5. c3 O-O 6. Bb3 Nc6 7. Nbd2 d5 8. O-O Bg4 9. h3 Bh5 10. Qe2 Re8 11. Re1 h6 12. Nf1 dxe4 13. dxe4 Bg6 14. Ng3 Nh5 15. Nf5 Bc5 16. N3h4 Qf6 17. Qg4 Kh7 18. Qf3 Rad8 19. g4 Nf4 20. Bxf4 exf4 21. Qxf4 Rd3 22. Rad1 Rxh3 23. Qxc7 Rxh4 24. Nxh4 Qxf2+ 25. Kh1 Qxh4+ 26. Qh2 Qxg4 27. Bd5 Ne5 28. b4 Nf3 0-1


[Site "https://www.chess.com"]

[Event "Titled Tuesday Blitz October 18 Late 2022"]
[White "Hoffmann, Asa"]
[Black "Arkell, Keith C"]
[WhiteFideId "2001470"]
[BlackFideId "400270"]
[WhiteElo "2117"]
[BlackElo "2336"]
[Result "1-0"]
[Round "03"]
[TimeControl "180+1"]
[Date "2022.10.19"]
[WhiteClock "0:00:21"]
[BlackClock "0:01:04"]

1. d4 e6 2. e4 d5 3. e5 c5 4. Nf3 cxd4 5. Qxd4 Nc6 6. Qf4 h6 7. Bd3 Nb4 8. O-O Nxd3 9. cxd3 Ne7 10. d4 Ng6 11. Qg3 Be7 12. Nc3 O-O 13. Be3 Bd7 14. Rac1 Rc8 15. Ne2 Rc6 16. Nf4 Nh4 17. Nxh4 Bxh4 18. Qg4 Bg5 19. Nh5 f5 20. exf6 e5 21. Qg3 exd4 22. Bxg5 hxg5 23. Qxg5 Rf7 24. Rxc6 bxc6 25. Re1 Kh7 26. Re7 Rxe7 27. fxe7 Qg8 28. h4 Qf7 29. Qe5 c5 30. Nf4 c4 31. Qxd4 Qxe7 32. Qxd5 Qe1+ 33. Kh2 Qxf2 34. Qe4+ Kh8 35. Ng6+ Kg8 36. Ne5 Be6 37. Nf3 Qxb2 38. Qxe6+ Kh8 39. Qxc4 Qf6 40. a4 Qd6+ 41. Kh3 Qd7+ 42. Qg4 Qd3 43. Qf4 Qd7+ 44. Kg3 Qd3 45. h5 a6 46. Qe5 Kh7 47. Kg4 Qd1 48. Qf5+ Kg8 49. h6 gxh6 50. Qg6+ Kf8 51. Qxh6+ Kg8 52. Qg6+ Kh8 53. Qf6+ Kg8 54. Qe6+ Kg7 55. Qe4 a5 56. Qe5+ Kh7 57. Qxa5 Qe2 58. Qf5+ Kg7 59. Qe5+ Qxe5 60. Nxe5 Kf6 61. a5 Ke6 62. a6 Kd5 63. a7 Kd6 64. a8=Q Kc5 65. Qd8 Kb4 66. Qd4+ Kb5 67. Qc4+ Kb6 68. Qc6+ Ka5 69. Qb7 Ka4 70. Nf7 Ka3 71. Kf3 Ka4 72. Ke3 Ka3 73. Kd3 1-0


[Site "https://www.chess.com"]

[Event "Titled Tuesday Blitz October 18 Late 2022"]
[White "Huber, Benedikt"]
[Black "Aghasiyev, Kamal"]
[WhiteFideId "12923583"]
[BlackFideId "13402854"]
[WhiteElo "2199"]
[BlackElo "2341"]
[Result "0-1"]
[Round "03"]
[TimeControl "180+1"]
[Date "2022.10.19"]
[WhiteClock "0:00:14"]
[BlackClock "0:00:28"]

1. d4 d5 2. Nc3 Nf6 3. Bf4 a6 4. e3 e6 5. g4 h6 6. a3 c5 7. h4 Nc6 8. Be2 cxd4 9. exd4 Qb6 10. Na4 Qa5+ 11. c3 b5 12. Nc5 Bxc5 13. dxc5 e5 14. g5 hxg5 15. Bxg5 Be6 16. Nf3 Ne4 17. b4 Qc7 18. Qc2 Bg4 19. Rg1 Bh5 20. O-O-O Bg6 21. Qb3 Nxg5 22. Nxg5 Ne7 23. Bf3 e4 24. Be2 Rxh4 25. Rh1 Qf4+ 26. Kb1 Qxg5 27. Rxh4 Qxh4 28. Rxd5 Nxd5 29. Qxd5 Rd8 30. Qc6+ Kf8 31. Qc7 Qe7 32. Qf4 e3+ 0-1


[Site "https://www.chess.com"]

[Event "Titled Tuesday Blitz October 18 Late 2022"]
[White "Iliaguev, Nisim"]
[Black "Petrovic, Aleksa"]
[WhiteFideId "2817276"]
[BlackFideId "967629"]
[WhiteElo "2726"]
[BlackElo "2483"]
[Result "1-0"]
[Round "03"]
[TimeControl "180+1"]
[Date "2022.10.19"]
[WhiteClock "0:00:30"]
[BlackClock "0:00:04"]

1. d4 d5 2. Nf3 Nf6 3. c4 c6 4. g3 g6 5. Bg2 Bg7 6. O-O O-O 7. Nc3 dxc4 8. Ne5 Be6 9. e4 Nbd7 10. f4 Qb6 11. Kh1 Nxe5 12. dxe5 Ng4 13. Qe2 h5 14. h3 Nh6 15. f5 gxf5 16. Bxh6 Bxh6 17. exf5 Bd5 18. Nxd5 cxd5 19. Qxh5 Bg7 20. f6 exf6 21. exf6 Bxf6 22. Rf4 Bg7 23. Bxd5 Qh6 24. Bxf7+ Kh8 25. Rh4 Qxh5 26. Rxh5+ Bh6 27. Bxc4 Kg7 28. Re1 Rae8 29. Rxe8 Rxe8 30. Kg2 Rc8 31. b3 a6 32. a4 Kg6 33. Rd5 Bf8 34. h4 Rc5 35. Rd8 Bg7 36. Bd3+ Kf6 37. Rd6+ Ke7 38. Rb6 Rc7 39. Be4 Bd4 40. Rxb7 Rxb7 41. Bxb7 a5 42. Kf3 Kf6 43. g4 Kg6 44. Be4+ Kh6 45. Bc6 Bc3 46. Be8 Be1 47. g5+ Kg7 48. Kg4 Kh8 49. h5 Bc3 50. Kf5 Bd2 51. Kg6 Bc3 52. h6 Bb4 53. Kh5 Bf8 54. Bb5 Kg8 55. g6 Kh8 56. g7+ Kh7 57. Bd3+ Kg8 58. Bc4+ Kh7 59. g8=Q# 1-0


[Site "https://www.chess.com"]

[Event "Titled Tuesday Blitz October 18 Late 2022"]
[White "Jaferian, Koosha"]
[Black "Pap, Gyula"]
[WhiteFideId "12507440"]
[BlackFideId "725323"]
[WhiteElo "2127"]
[BlackElo "2519"]
[Result "1/2-1/2"]
[Round "03"]
[TimeControl "180+1"]
[Date "2022.10.18"]
[WhiteClock "0:00:03"]
[BlackClock "0:00:05"]

1. e4 e5 2. Nf3 Nc6 3. d4 exd4 4. Nxd4 Bc5 5. Nb3 Bb4+ 6. c3 Be7 7. Be3 Nf6 8. Bd3 d5 9. N1d2 O-O 10. Qc2 Ne5 11. Be2 Bg4 12. f3 Bh5 13. Rd1 c6 14. O-O Qc7 15. Nd4 Bg6 16. f4 Neg4 17. Bxg4 Nxg4 18. Qd3 Rfe8 19. Qe2 Nxe3 20. Qxe3 Bxe4 21. Nxe4 Bd8 22. Qg3 Rxe4 23. Nf5 Bf6 24. Rde1 Rae8 25. Rxe4 Rxe4 26. Qf3 Qb6+ 27. Qf2 g6 28. Nd6 Rxf4 29. Qxb6 Rxf1+ 30. Kxf1 axb6 31. Nxb7 Be7 32. a4 Kf8 33. a5 bxa5 34. Nxa5 c5 35. Ke2 Ke8 36. Nb3 Kd7 37. Nd2 c4 38. Nf3 Bf6 39. Kd2 Kd6 40. Kc2 g5 41. h3 h5 42. b3 Bd8 43. b4 f6 44. Kd2 Bb6 45. Ke2 g4 46. hxg4 hxg4 47. Nh4 Ke5 48. Ng6+ Ke4 49. Ne7 f5 50. Nc8 Be3 51. Nd6+ Kf4 52. Nxf5 Bb6 53. Ne7 Ke5 54. Nc6+ Ke4 55. Ne7 Bd8 56. Nc6 Bf6 57. Kd2 Bg5+ 58. Kc2 Be3 59. b5 Kf4 60. Nd4 Kg3 61. b6 Kxg2 62. b7 Bf4 63. Ne6 Bd6 64. Kd2 Kf2 65. Ng5 g3 66. Nh3+ Kf3 67. Ng1+ Kf2 68. Nh3+ Kf3 69. Ng1+ Ke4 70. Ke2 d4 71. cxd4 c3 72. Nh3 g2 73. Ng1 c2 74. Kd2 Kxd4 75. Kxc2 Ke3 76. Nh3 Kf3 77. Kd3 Bb8 78. Kd4 Kg3 79. Ng1 Ba7+ 80. Kd5 Kh2 81. Nf3+ Kg3 82. Ng1 Bb8 83. Kc6 Ba7 84. Kd7 Kf2 85. Nh3+ Kf3 86. Kc8 Kg4 87. Ng1 Bxg1 88. b8=Q Bf2 89. Qb4+ Kg3 90. Qd6+ Kf3 91. Qd5+ Kg3 92. Qg5+ Kf3 93. Qf5+ Kg3 94. Qg5+ Kh2 95. Qh5+ Kg3 96. Qg5+ 1/2-1/2


[Site "https://www.chess.com"]

[Event "Titled Tuesday Blitz October 18 Late 2022"]
[White "Janaszak, Dawid"]
[Black "Ferreira, Vitor Hugo Vieira"]
[WhiteFideId "1119206"]
[BlackFideId "2119765"]
[WhiteElo "2226"]
[BlackElo "2168"]
[Result "1-0"]
[Round "03"]
[TimeControl "180+1"]
[Date "2022.10.19"]
[WhiteClock "0:00:33"]
[BlackClock "0:00:02"]

1. e4 c5 2. Nc3 d6 3. d4 cxd4 4. Qxd4 Nc6 5. Qd2 Nf6 6. b3 g6 7. Bb2 Bg7 8. O-O-O O-O 9. f3 Bd7 10. Nge2 Qa5 11. Kb1 Rfc8 12. Nf4 Bh6 13. g3 e5 14. Qxd6 exf4 15. Qxf6 Bg7 16. Qxg7+ Kxg7 17. Rxd7 Ne5 18. Rd5 Rc5 19. gxf4 Rxd5 20. exd5 Nxf3 21. Ne4+ Kh6 22. Bc4 Re8 23. Bc3 Qc7 24. Nf6 Re3 25. Ng4+ Kh5 26. Nxe3 b5 27. Be2 Qxc3 28. Bxf3+ Kh6 29. Ng4+ Kg7 30. Rf1 h5 31. Ne5 f6 32. Nd3 a5 33. Re1 a4 34. d6 Qd4 35. Re7+ Kh6 36. d7 a3 37. Kc1 Qg1+ 38. Kd2 Qd4 39. Bc6 b4 40. Re8 Qc3+ 41. Ke3 Qxc6 42. d8=Q 1-0


[Site "https://www.chess.com"]

[Event "Titled Tuesday Blitz October 18 Late 2022"]
[White "Jimenez Almeida, Luis David"]
[Black "Rengifo Blancas, Renzo Jhonathan"]
[WhiteFideId "22242244"]
[BlackFideId "3807185"]
[WhiteElo "2158"]
[BlackElo "2058"]
[Result "0-1"]
[Round "03"]
[TimeControl "180+1"]
[Date "2022.10.19"]
[WhiteClock "0:00:34"]
[BlackClock "0:00:24"]

1. e4 e5 2. Nf3 Nc6 3. Bb5 a6 4. Ba4 Nf6 5. d3 d6 6. O-O g6 7. c3 Bg7 8. Nbd2 O-O 9. Re1 b5 10. Bc2 h6 11. a4 Bb7 12. Nf1 Re8 13. Qe2 Nb8 14. Ng3 c5 15. axb5 axb5 16. Rxa8 Bxa8 17. b4 cxb4 18. cxb4 Nc6 19. Bd2 Qb6 20. Bc3 Rc8 21. Bb3 Ng4 22. h3 Nd8 23. Bd4 exd4 24. hxg4 Ne6 25. Qa2 Re8 26. g5 h5 27. Nf5 Kh7 28. Nxg7 Kxg7 29. Rc1 Bb7 30. Qb2 Nf4 31. Nxd4 Kh7 32. Kf1 Nxd3 33. Qd2 Nxc1 34. Bxf7 Rxe4 35. Ne6 Qc6 36. Qb2 Re1+ 37. Kxe1 Nd3+ 0-1


[Site "https://www.chess.com"]

[Event "Titled Tuesday Blitz October 18 Late 2022"]
[White "Jobava, Baadur"]
[Black "Rustemov, Alexander"]
[WhiteFideId "13601520"]
[BlackFideId "4119002"]
[WhiteElo "2582"]
[BlackElo "2756"]
[Result "1-0"]
[Round "03"]
[TimeControl "180+1"]
[Date "2022.10.18"]
[WhiteClock "0:01:17"]
[BlackClock "0:00:01"]

1. e4 e6 2. d4 d5 3. exd5 exd5 4. Nf3 Bf5 5. Bd3 Bxd3 6. Qxd3 Nc6 7. O-O Bd6 8. Re1+ Nge7 9. c3 Qd7 10. Nbd2 O-O 11. Nf1 Rae8 12. Ng3 Bxg3 13. hxg3 Ng6 14. Be3 Nce7 15. Re2 Nf5 16. Rae1 h5 17. Bd2 Rxe2 18. Rxe2 f6 19. b3 c6 20. c4 dxc4 21. bxc4 Rd8 22. Ba5 b6 23. Bc3 Nge7 24. Re1 b5 25. Bb4 bxc4 26. Qxc4+ Nd5 27. Bc5 Qb7 28. Qd3 g6 29. Rb1 Qa8 30. Qa6 Rd7 31. Rb3 Kf7 32. Ra3 Qb8 33. Qxc6 Qb7 34. Qxb7 Rxb7 35. Rxa7 Rxa7 36. Bxa7 Ke6 37. Bc5 Kd7 38. Kf1 Kc6 39. a3 Kb5 40. Ke2 Nc3+ 41. Kd3 Nd1 42. Ke2 Nc3+ 43. Kd2 Ne4+ 44. Ke1 Nc3 45. Nh4 Nxh4 46. gxh4 f5 47. Kd2 Kc4 48. Ke3 Nd5+ 49. Kf3 Kb3 50. g3 Ka4 51. Ke2 1-0


[Site "https://www.chess.com"]

[Event "Titled Tuesday Blitz October 18 Late 2022"]
[White "Kaganskiy, Gleb"]
[Black "Castellanos Gomez, Alejandro"]
[WhiteFideId "4132025"]
[BlackFideId "22284141"]
[WhiteElo "2165"]
[BlackElo "2168"]
[Result "0-1"]
[Round "03"]
[TimeControl "180+1"]
[Date "2022.10.19"]
[WhiteClock "0:00:10"]
[BlackClock "0:00:04"]

1. e4 e6 2. d4 d5 3. Nd2 Nf6 4. e5 Nfd7 5. c3 c5 6. Bd3 Nc6 7. Ne2 cxd4 8. cxd4 f6 9. exf6 Nxf6 10. Nf3 Bd6 11. O-O O-O 12. Nf4 Ne4 13. Nh5 Bd7 14. Bxe4 dxe4 15. Ng5 Be8 16. d5 exd5 17. Qxd5+ Kh8 18. Qxe4 Bg6 19. Qe2 Nd4 20. Qg4 Bf5 21. Qd1 h6 22. g3 Bc5 23. b4 Bb6 24. Bb2 hxg5 25. a4 a6 26. a5 Ba7 27. Rc1 Qd5 28. Rc5 Nf3+ 29. Kh1 Qxd1 30. Rxd1 Bxc5 31. Bxg7+ Kh7 32. bxc5 Rf7 33. Ba1 Raf8 34. Rd6 Be4 35. Nf6+ Rxf6 36. Rxf6 Rd8 37. Rf7+ Kg6 38. Rf6+ Kh5 39. h3 Rd1+ 40. Kg2 Rg1# 0-1


[Site "https://www.chess.com"]

[Event "Titled Tuesday Blitz October 18 Late 2022"]
[White "Kamsky, Gata"]
[Black "Amburgy, Ryan"]
[WhiteFideId "2000024"]
[BlackFideId "30924820"]
[WhiteElo "2666"]
[BlackElo "2121"]
[Result "1-0"]
[Round "03"]
[TimeControl "180+1"]
[Date "2022.10.18"]
[WhiteClock "0:00:49"]
[BlackClock "0:00:58"]

1. e4 e5 2. Nf3 Nc6 3. Bb5 f5 4. Nc3 fxe4 5. Nxe4 Nf6 6. Qe2 d5 7. Nxf6+ gxf6 8. d4 Bg7 9. dxe5 O-O 10. e6 Re8 11. O-O Bxe6 12. Bxc6 bxc6 13. Qd3 Qd7 14. Be3 Bg4 15. Bc5 Re4 16. Nd4 Bh5 17. f3 Re5 18. Qa6 Bf8 19. Bxf8 Kxf8 20. Qxc6 Qxc6 21. Nxc6 Re2 22. Nd4 Rd2 23. Rad1 Rxd1 24. Rxd1 Ke7 25. Re1+ Kd7 26. b4 Bf7 27. a3 c6 28. Kf2 a5 29. g4 axb4 30. axb4 Ra4 31. c3 Ra3 32. Re3 Ra2+ 33. Kg3 Ra1 34. h4 h5 35. gxh5 Bxh5 36. Re6 Rc1 37. Rxc6 f5 38. Kf4 Rh1 39. Rh6 Bf7 40. Kxf5 Ke7 41. Nc6+ Ke8 42. Rh8+ Kd7 43. Ne5+ 1-0


[Site "https://www.chess.com"]

[Event "Titled Tuesday Blitz October 18 Late 2022"]
[White "Kobla, Vishal"]
[Black "Marcolino, Daniel Mattos"]
[WhiteFideId "2078457"]
[BlackFideId "2106841"]
[WhiteElo "1972"]
[BlackElo "2050"]
[Result "1-0"]
[Round "03"]
[TimeControl "180+1"]
[Date "2022.10.19"]
[WhiteClock "0:01:25"]
[BlackClock "0:01:49"]

1. e4 c6 2. d4 d5 3. Nc3 dxe4 4. Nxe4 Nd7 5. Bc4 Ngf6 6. Ng5 e6 7. Qe2 Nb6 8. Bb3 h6 9. N5f3 c5 10. dxc5 Bxc5 11. Qb5+ Nbd7 12. Bf4 O-O 13. Ne2 a6 14. Qd3 Qe7 15. O-O Ba7 16. Bd6 Qe8 17. Bxf8 Qxf8 18. Rad1 b5 19. Ng3 Nc5 20. Qd8 Bb7 21. Qxf8+ Kxf8 22. Ne5 a5 23. c3 Nxb3 24. axb3 Bd5 25. c4 bxc4 26. bxc4 Bb7 27. Nd7+ Ke7 28. Nxf6 gxf6 29. Rfe1 Ba6 30. b3 Rb8 31. Rd3 a4 32. bxa4 Bxc4 33. Rc3 Rb4 34. Rec1 1-0


[Site "https://www.chess.com"]

[Event "Titled Tuesday Blitz October 18 Late 2022"]
[White "Korchmar, Vasiliy"]
[Black "Galaktionov, Artem"]
[WhiteFideId "24131750"]
[BlackFideId "24175471"]
[WhiteElo "2370"]
[BlackElo "2278"]
[Result "0-1"]
[Round "03"]
[TimeControl "180+1"]
[Date "2022.10.18"]
[WhiteClock "0:00:01"]
[BlackClock "0:01:25"]

1. e4 c6 2. d4 d6 3. Nc3 Nd7 4. Nf3 g6 5. Be2 Bg7 6. O-O e5 7. Be3 Ngf6 8. h3 O-O 9. Qd2 Qe7 10. d5 c5 11. a4 Ne8 12. g4 f5 13. gxf5 gxf5 14. exf5 Rxf5 15. Ng5 Nf8 16. Bd3 Rf6 17. Kh2 Qd7 18. Rg1 h6 19. Ne6 Nxe6 20. dxe6 Qxe6 21. Rg3 Bd7 22. Nd5 Rf7 23. Bxh6 Kf8 24. Bxg7+ Nxg7 25. Nc7 Qf6 26. Nxa8 d5 27. Rag1 e4 28. Bb5 Be6 29. Qe3 b6 30. Qg5 Qxg5 31. Rxg5 Rxf2+ 32. R5g2 Rf7 33. Rf1 Nf5 34. a5 bxa5 35. Rff2 d4 36. Rf1 Ke7 0-1


[Site "https://www.chess.com"]